 Dungeon Crawl Stone Soup version 0.31-a0-489-g282fc92437 (webtiles) character file.

Game seed: 15672865975062033890

88 Ethylacetat the Ducker (level 4, 0/30 HPs)
             Began as an Octopode Gladiator on Aug 8, 2023.
             Slain by a goblin
             ... wielding a +0 club
             ... led by Robin
              (3 damage)
             ... on level 3 of the Dungeon.
             The game lasted 00:02:32 (1206 turns).

Ethylacetat the Ducker (Octopode Gladiator)         Turns: 1206, Time: 00:02:33

Health: 0/30       AC:  1    Str: 13    XL:     4   Next: 54%
Magic:  0/4        EV: 14    Int: 14    God:
Gold:   147        SH:  0    Dex: 15    Spells: 3/3 levels left

rFire   . . .        l - +9 whip "Ylukhivi" {flame, Int+4}
rCold   + . .        (no shield)
rNeg    . . .        b - +0 hat
rPois   .            f - amulet of guardian spirit
rElec   .            (no ring)
rCorr   .            (no ring)
SInv    .            (no ring)
Will    .....        (no ring)
Stlth   +++          (no ring)
HPRegen 0.25/turn    (no ring)
MPRegen 0.09/turn    (no ring)
                     (no ring)

%: guardian spirit
@: no status effects
A: almost no armour, amphibious, 8 rings, camouflage 1, gelatinous body 1,
(nimble swimmer 1), tentacles, cold resistance 1, MP-powered wands
a: no special abilities


You were on level 3 of the Dungeon.
You visited 1 branch of the dungeon, and saw 3 of its levels.

You collected 147 gold pieces.

Inventory:

Hand Weapons
 k - a +0 dagger of venom
 l - the +9 whip "Ylukhivi" (weapon) {flame, Int+4}
   (You found it on level 2 of the Dungeon)

   Int:       It affects your intelligence (+4).
Missiles
 c - 3 throwing nets (quivered)
 d - a javelin
Armour
 b - a +0 hat (worn)
Jewellery
 f - an amulet of guardian spirit (around mantle)
Scrolls
 e - 3 scrolls of silence {unknown}
 h - a scroll of summoning {unknown}
 i - 3 scrolls of teleportation {unknown}
 m - a scroll of identify {unknown}


   Skills:
 + Level 2.7 Fighting
 - Level 3.4(3.5) Short Blades
 + Level 0.8(2.3) Long Blades
 + Level 0.7 Maces & Flails
 - Level 2.0 Throwing
 + Level 3.6 Dodging
 + Level 2.5 Stealth


You had 3 spell levels left.
You didn't know any spells.
Your spell library contained the following spells:

 Spells                   Type           Power      Damage    Failure   Level
 Ensorcelled Hibernation  Hex/Ice        0%         N/A       41%         2
 Passwall                 Tmut/Erth      0%         N/A       41%         2
 Swiftness                Air            0%         N/A       65%         3


Dungeon Overview and Level Annotations

Branches:
Dungeon (3/15)

Altars:

Shops:
D:1 *!(

Annotations:
D:3 Robin


Innate Abilities, Weirdness & Mutations

You cannot wear most types of armour.
You are amphibious.
You can wear up to eight rings at the same time.
Your skin changes colour to match your surroundings (Stealth+).
Your rubbery body absorbs attacks. (AC +1, EV +1)
((You are camouflaged when in or above water. (Stealth+)))
You have tentacles for arms and can constrict up to eight enemies at once.
Your flesh is cold resistant. (rC+)
You expend magic power (3 MP) to strengthen your wands.


Message History

It was a potion of mutation.
You feel extremely strange.
You feel your magical essence link to the dungeon's wands.
You feel resistant to cold. The goblin misses you. x2
It was a potion of heal wounds.
You feel much better. The goblin hits you with a +0 club.
Robin closely misses you. The goblin barely misses you.
The goblin closely misses you.
You closely miss the goblin. Your grab misses the goblin.
The goblin hits you with a +0 club.
Robin hits you from afar with a +2 trident of protection.
The goblin closely misses you. The goblin hits you with a +0 club.
You closely miss the goblin. Your grab misses the goblin.
The goblin closely misses you.
Robin roars a battlecry!
The goblin completely misses you. The goblin closely misses you.
The hobgoblin shouts!
Unknown command.
It was a potion of cancellation.
You feel magically purged. The goblin hits you with a +0 club.
* * * LOW HITPOINT WARNING * * *
Robin hits you from afar with a +2 trident of protection.
* * * LOW HITPOINT WARNING * * *
The goblin hits you with a +0 dagger.
* * * LOW HITPOINT WARNING * * *
The goblin barely misses you.
Unknown command.
Unknown command.
It was a potion of curing.
You feel better. The goblin barely misses you.
Robin points. "Kill!"
Robin closely misses you. The goblin barely misses you.
The goblin hits you with a +0 club.
* * * LOW HITPOINT WARNING * * *
Unknown command.
You hit the goblin. You burn the goblin.
You kill the goblin!
The goblin hits you with a +0 club.
* * * LOW HITPOINT WARNING * * *
Robin misses you. The goblin barely misses you. The goblin closely misses you.
The goblin hits you with a +0 club.
You die...

#.# #...# ##.#
#...######## ...#
#...#.......
...######....##..##
.#................#
..................#
##...†............# #
##.####.#.....#..g##.###.
<..# #.#...#...@g.......
#### #.#...#.###g##.##..
# #.#...#.# #g##..#..# #
......#.# #.)......# #
#.......###.###.#.## #
### ##g.........#
#)###.##.... #.....†.# .#
## ##.....g. .#


You could see Robin, a hobgoblin (strong) and 2 goblins.

Vanquished Creatures
  Jessica (D:3)
  2 adders
  10 bats
  3 endoplasms
  4 giant cockroaches
  9 goblins
  4 hobgoblins
  A kobold (D:2)
  A quokka (D:2)
  3 ball pythons
  2 frilled lizards
  3 rats
43 creatures vanquished.

Notes
Turn   | Place    | Note
-------+----------+-------------------------------------------
     0 | D:1      | Ethylacetat the Octopode Gladiator began the quest for the
                  | Orb.
     0 | D:1      | Reached XP level 1. HP: 14/14 MP: 1/1
   179 | D:1      | Reached skill level 1 in Stealth
   179 | D:1      | Reached XP level 2. HP: 18/19 MP: 2/2
   261 | D:1      | Found Ilurah's Distillery.
   304 | D:1      | Found Ebatab's Assorted Antiques.
   378 | D:1      | Found Kiruj's Antique Weapon Boutique.
   511 | D:2      | Reached XP level 3. HP: 18/25 MP: 3/3
   770 | D:2      | Identified the +9 whip "Ylukhivi" {flame, Int+4}
  1039 | D:3      | Noticed Jessica
  1045 | D:3      | Killed Jessica
  1046 | D:3      | Reached XP level 4. HP: 22/30 MP: 1/4
  1184 | D:3      | Noticed Robin
  1199 | D:3      | Gained mutation: You expend magic power (3 MP) to
                  | strengthen your wands. [potion of mutation]
  1199 | D:3      | Gained mutation: Your flesh is cold resistant. (rC+)
                  | [potion of mutation]
  1206 | D:3      | Slain by a goblin

Illustrated notes

Levels and vault maps discovered:
D:1:      minmay_arrival_widening_spiral_wide, layout_basic, serial_shops,
          shop_coins, nicolae_shop_pleasant_corner_grove, shop,
          serial_bayou_ford_a
D:2:      layout_rooms
D:3:      layout_loops_cross, nicolae_dithmenos_through_a_glass_darkly,
          uniq_robin, uniq_jessica

Skill      XL: |  1  2  3 |
---------------+----------+-----
Stealth        | 1 2 |  2.5
Fighting       | |  2.7
Short Blades   | |  3.4
Long Blades    | |  0.8
Maces & Flails | |  0.7
Throwing       | |  2.0
Dodging        | |  3.6

Action                     |  1- 3 |  4- 6 || total
---------------------------+-------+-------++-------
  Melee: Rapier            |    61 |       ||    61
         Constrict         |    21 |       ||    21
         Punch             |     2 |       ||     2
         Tentacles         |     8 |     2 ||    10
         Dagger            |     6 |       ||     6
         Whip              |     4 |    15 ||    19
    Use: Potion            |       |     4 ||     4
   Stab: Sleeping          |     7 |     2 ||     9
 Armour: Skin              |    16 |     3 ||    19
  Dodge: Dodged            |    91 |    26 ||   117

Table legend: (Time is in decaauts)
 A = Elapsed time spent in this place.
 B = Non-inter-level travel time spent in this place.
 C = Inter-level travel time spent in this place.
 D = Time resting spent in this place.
 E = Time spent auto-exploring this place.
 F = Levels seen in this place.
 G = Mean time per level.
                   A        B        C        D        E       F      G
               +--------+--------+--------+--------+--------+-----+--------+
         Total |   1207 |   1193 |     14 |      0 |    891 |   3 |  402.3 |
       Dungeon |   1207 |   1193 |     14 |      0 |    891 |   3 |  402.3 |
               +--------+--------+--------+--------+--------+-----+--------+

Top non-repeatable levels by time:
     D:2: 543 daAuts
     D:1: 484 daAuts
     D:3: 179 daAuts
